 Dungeon Crawl Stone Soup version 0.27-a0-1228-gfd60fd639a (webtiles) character file.

Game seed: 8762822646029085678

14 pokeman the Magician (level 2, -9/16 HPs)
             Began as a Deep Elf Hedge Wizard on June 7, 2021.
             Mangled by Sigmund
             ... wielding a +0 scythe
              (11 damage)
             ... on level 1 of the Dungeon.
             The game lasted 00:01:34 (1003 turns).

pokeman the Magician (Deep Elf Hedge Wizard)        Turns: 1003, Time: 00:01:34

Health: -9/16      AC:  3    Str:  7    XL:     2   Next: 31%
Magic:  9/9        EV: 11    Int: 18    God:
Gold:   71         SH:  0    Dex: 14    Spells: 9/10 levels left

rFire    . . .     SeeInvis .   a - +0 dagger
rCold    . . .     Faith    .   (no shield)
rNeg     . . .     Spirit   .   f - +0 leather armour
rPois    .         Reflect  .   c - +0 hat
rElec    .         Harm     .   (no cloak)
rCorr    .         Rampage  .   (no gloves)
Will     .....                  (no boots)
Stlth    ++........             (no amulet)
HPRegen  0.05/turn              (no ring)
MPRegen  0.11/turn              (no ring)

@: no status effects
A: no striking features
a: no special abilities


You were on level 1 of the Dungeon.
You visited 1 branch of the dungeon, and saw 2 of its levels.

You collected 71 gold pieces.

Inventory:

Hand Weapons
 a - a +0 dagger (weapon)
Armour
 c - a +0 hat (worn)
 f - a +0 leather armour (worn)
Scrolls
 b - 2 scrolls of fear {unknown}
 e - 3 scrolls of vulnerability {unknown}


   Skills:
 + Level 0.4 Fighting
 + Level 0.4 Armour
 - Level 2.4 Dodging
 - Level 2.4 Stealth
 * Level 4.8 Spellcasting
 + Level 1.5 Conjurations
 - Level 1.1 Summonings
 - Level 1.1 Translocations


You had 9 spell levels left.
You knew the following spells:

 Your Spells              Type           Power      Damage    Failure   Level
a - Magic Dart            Conj           36%        1d4       11%         1

Your spell library contained the following spells:

 Spells                   Type           Power      Damage    Failure   Level
 Blink                    Tloc           N/A        N/A       19%         2
 Call Imp                 Summ           8%         N/A       19%         2
 Slow                     Hex            4%         N/A       30%         2
 Conjure Flame            Conj/Fire      7%         6-21      41%         3
 Mephitic Cloud           Conj/Pois/Air  6%         N/A       43%         3


Dungeon Overview and Level Annotations

Branches:
Dungeon (2/15)

Altars:

Annotations:
D:1 Sigmund


Message History

You see here a hobgoblin skeleton.
You see here a ball python skeleton.
Found a ring mail.
b - 2 scrolls labelled ITSYRO JUJE (gained 1) Done exploring.
Done exploring.
You see here a +0 leather armour.
There is a stone staircase leading down here.
You climb downwards.
A rat and Sigmund come into view.
Sigmund shouts!
There is a stone staircase leading up here.
Sigmund closely misses you.
You climb upwards.
There is a stone staircase leading down here.
Sigmund barely misses you. Sigmund gestures at you while chanting.
You are confused.
You bump into the rock wall.
Sigmund barely misses you.
You bump into the rock wall.
Sigmund hits you from afar with a +0 scythe!
Ouch! That really hurt!
You bump into the rock wall.
You feel less confused.
Sigmund hits you from afar with a +0 scythe.
Sigmund gestures at you while chanting.
You are confused.
You bump into the rock wall.
You bump into the rock wall.
Sigmund misses you.
You bump into the rock wall.
Sigmund closely misses you.
You bump into the rock wall.
Sigmund barely misses you.
You bump into the rock wall.
You feel less confused.
Sigmund hits you from afar with a +0 scythe.
* * * LOW HITPOINT WARNING * * *
It was a potion of cancellation.
You feel magically purged.
Sigmund hits you from afar with a +0 scythe!
Ouch! That really hurt!
You die...

### #.#########
#.........# #.#######.#
#.#.......#
#########.#############
#...............@.@...#
#............########.#
#..............# #.#
#######'#.#..#.### #.#
#.#....#...# #.#
#.#......#.# #.#
#†##....##.####.#
#######.#.........@...#
................>######


You could see Sigmund.

Vanquished Creatures
  A dart slug (D:1)
  A ball python (D:1)
  A bat (D:1)
  An endoplasm (D:1)
  2 hobgoblins (D:1)
  2 frilled lizards (D:1)
  2 goblins (D:1)
  2 rats (D:1)
12 creatures vanquished.

Notes
Turn   | Place    | Note
-------+----------+-------------------------------------------
     0 | D:1      | pokeman the Deep Elf Hedge Wizard began the quest for the
                  | Orb.
     0 | D:1      | Reached XP level 1. HP: 10/10 MP: 7/7
   343 | D:1      | Reached XP level 2. HP: 15/15 MP: 0/9
   975 | D:2      | Noticed Sigmund
  1003 | D:1      | Mangled by Sigmund

Illustrated notes

Levels and vault maps discovered:
D:1:      saegor_arrival_miasma, layout_basic, minmay_misc_feat_ornament,
          st_stairs_2
D:2:      layout_rooms, shapermc_ecumenical_altar_starsandcircs,
          minmay_joined_circles, uniq_terence, uniq_sigmund

Action                   || total
-------------------------++-------
Melee: Dagger            ||     9
 Cast: Magic Dart        ||    29
  Use: Potion            ||     1
Armor: Leather armour    ||     2
Dodge: Dodged            ||    16

Table legend: (Time is in decaauts)
 A = Elapsed time spent in this place.
 B = Non-inter-level travel time spent in this place.
 C = Inter-level travel time spent in this place.
 D = Time resting spent in this place.
 E = Time spent auto-exploring this place.
 F = Levels seen in this place.
 G = Mean time per level.
                   A        B        C        D        E       F      G
               +--------+--------+--------+--------+--------+-----+--------+
         Total |   1003 |    964 |     39 |      0 |    862 |   2 |  501.5 |
       Dungeon |   1003 |    964 |     39 |      0 |    862 |   2 |  501.5 |
               +--------+--------+--------+--------+--------+-----+--------+

Top non-repeatable levels by time:
     D:1: 1001 daAuts
     D:2: 1 daAuts
